Arrhythmia, chaotic female vampiric Convict ----- --------- |)*.--- ------........- ------- --------------- |%%.%.---|.........--...## |)..@.| |.............| --..|....|.---------|..| # |.(_..| --|---+--.----+- --.|-.....---- ---- #|....@| ------ ---- |..| ..|-.| --|.........|--- ----- .--.@-- |....| |..---|..|--.-..--- ----.|....|..----...-- |.|# |..|.| ---.-.....-.--........--+- -----..|....|.....---- |.| # |..|.|-----......--.*....[.))).....| ------ |..|.............---.-- # ---|.-..||.......-|..--------|--..-- |%.%.| --.....(---...........---.- |.|..||........|--|.........|..-- |....| |........|...|.......(....--|.|..|--.......| |/%.+/*.+[|...| ---|--------....-------...---......-|.|------....--- -----------...| ------.---...-|...-|..| --...|..---...|.--..|...|....|------ |.......-- |..|-.........|.%--|..| --.....|.....|........---...-|..((| |.------- |..-...............-.---+-----..-|...(......--....|-...-.(.(| |.|...| -----...)){....----...............|[.(`.......|-...|...-|..((| |.|...| |.....%........-- --)--.---------.........--..|........|------ |.--|------- |%-----.........| |...|.|.(((| --.......-----|...|....---------.....|....| |...| --..------- |...|.-.(((| ---...--- --..|...--......|...{.%)..-+- |...| ---- ------|.(((| ----- -----.....----........|..| ----- ------ ------- ------------- Arrhythmia the Jail-bird Experience level: 9 Strength: 16 Dexterity: 15 Constitution: 19 Intelligence: 13 Wisdom: 9 Charisma: 9 Health: 0(106) Energy: 50(50) AC: -1 Gold: 0 Moves: 6177 Your Inventory: Weapons S - an uncursed rustproof [+0] broadsword named Luck Blade [Luck Blade] (weapon in hand) Armor c - an uncursed +0 dwarvish mithril-coat (being worn) j - an uncursed +0 Hawaiian shirt (being worn) k - an uncursed +1 elven cloak (being worn) l - an uncursed +0 pair of padded gloves [leather] n - an uncursed +0 pair of hard shoes [of telepathy] named Telepathy [iron] s - an uncursed +2 small shield (being worn) Y - an uncursed +0 leather hat [elven leather helm] Tools f - an uncursed bag called Regular [sack] Contents of the sack: an uncursed looking glass [mirror] an uncursed skeleton key an uncursed towel an uncursed [+0] unicorn horn Spells known in the end: Name Level Category Fail Memory Your skills at the end: Fighting Skills Weapon Skills sling [Basic / Skilled] Spellcasting Skills Final Attributes: You had transgressed. Hunger level was 439. Your alignment was -16 / 40. Monster difficulty range was 1 - 8. Level difficulty was 7. You were immune to poison. You were immune to level-drain. You were immune to sickness. You were stealthy. You could fly. You could survive without air. You regenerated. You were very lucky (8). You had extra luck. Bad luck did not time out for you. Good luck did not time out for you. You are dead. Vanquished creatures: a giant mimic 2 small mimics a dwarf king a soldier 5 watchmen a chameleon a giant beetle 2 quivering blobs 3 wolves 2 gremlins 4 leprechauns an orc-captain a mumak an orc mummy an ogre 2 owlbears a gold golem a lizard a jaguar a dwarf lord a white unicorn 2 ravens a plains centaur a snake 2 Woodland-elves 2 soldier ants a fire ant a wood nymph a water nymph an enormous rat a pony a fog cloud 3 yellow lights 7 gnome lords 2 gnomish wizards a red naga hatchling a golden naga hatchling a gray ooze a straw golem a wax golem a baby crocodile a giant ant 8 dwarves a kobold lord a kobold shaman 8 hill orcs 2 rothes 2 rabid rats a centipede a monkey 6 orc zombies 3 iguanas 2 acid blobs 3 hobbits 3 manes a yellow mold a green mold 2 red molds 26 gnomes 2 geckos 4 jackals 2 kobolds 3 sewer rats 3 grid bugs 3 lichens 4 kobold zombies 6 newts 165 creatures vanquished. Voluntary challenges: You went without food. You used a wielded weapon 10 times. You read items or engraved 635 times. You put on armor 60 times. You never genocided any monsters. You never polymorphed an object. You never changed form. You used no wishes. You wrote Elbereth's name 217 times. You never encountered a bones level. You never used any Sokoban shortcuts. Dungeon overview: The Dungeons of Doom: levels 1 to 5 Level 1 a fountain a long staircase Level 3 a fountain Level 4 some fountains stairs to The Gnomish Mines The Gnomish Mines: levels 5 to 7 Level 5 stairs to The Dungeons of Doom Level 7 <- You were here many shops, a temple to Tymora, a magic chest, some fountains History has recorded: On T:1 you entered the Dungeons of Doom to retrieve the Amulet of Yendor! On T:266 you advanced to experience level 2. On T:758 you reached level 2 of The Dungeons of Doom. On T:851 you advanced to experience level 3. On T:1170 you reached level 3 of The Dungeons of Doom. On T:1367 you advanced to experience level 4. On T:1560 you reached level 4 of The Dungeons of Doom. On T:1812 you advanced to experience level 5. On T:1968 you reached level 5 of The Dungeons of Doom. On T:2039 you advanced to experience level 6. On T:2084 you reached level 1 of The Gnomish Mines. On T:2285 you advanced to experience level 7. On T:3186 you reached level 2 of The Gnomish Mines. On T:3638 you advanced to experience level 8. On T:3967 you reached level 3 of The Gnomish Mines. On T:4881 you advanced to experience level 9. On T:5376 you received Luck Blade from Tymora. On T:5972 you received a fireproof thirsty sling of searching and warning from Tymora. Latest messages: [HP+1=73] You add "Elbereth" with your fingers to the scrawl on the floor. The watch captain swings his long sword. The watch captain hits! The watch captain swings his long sword. The watch captain hits! [HP-17=56] You add "Elbereth" with your fingers to the scrawl on the floor. The watch captain swings his long sword. The watch captain hits! The watch captain swings his long sword. The watch captain hits! [HP-21=35] You add "Elbereth" with your fingers to the scrawl on the floor. The watch captain swings his long sword. The watch captain hits! The watch captain swings his long sword. The watch captain hits! [HP-21=14] You add "Elbereth" with your fingers to the scrawl on the floor. The watch captain swings his long sword. The watch captain hits! The watch captain swings his long sword. The watch captain hits! You die... Final status: Goodbye Arrhythmia the Convict... You died in The Gnomish Mines on dungeon level 7 with 2480 points, and 0 pieces of gold, after 6177 moves. You were level 9 with a maximum of 106 hit points when you died.